 Dungeon Crawl Stone Soup version 0.28.0-1-gb440e238dd (webtiles) character file.

Game seed: 239144388379413639

957 bande the Chopper (level 8, -1/49 HPs)
             Began as a Gargoyle Fighter on Feb 21, 2022.
             Slain by a gnoll (10 damage)
             ... on level 5 of the Dungeon.
             The game lasted 00:05:51 (3896 turns).

bande the Chopper (Gargoyle Fighter)                Turns: 3896, Time: 00:05:51

Health: -1/49      AC: 15    Str: 25    XL:     8   Next: 14%
Magic:  8/8        EV:  8    Int: 10    God:
Gold:   196        SH:  5    Dex: 11    Spells: 7/7 levels left

rFire   . . .      SeeInvis .   a - +0 war axe (vamp)
rCold   . . .      Faith    .   c - +0 buckler
rNeg    + . .      Spirit   .   j - +0 chain mail
rPois   ∞          Reflect  .   (no helmet)
rElec   +          Harm     .   (no cloak)
rCorr   .          Rampage  .   (no gloves)
Will    +....                   (no boots)
Stlth   ..........              h - amulet of regeneration
HPRegen 0.96/turn               i - +6 ring of strength
MPRegen 0.11/turn               n - ring of willpower

@: no status effects
A: sickness immunity, AC +5, negative energy resistance 1, electricity
resistance, torment resistance 1, petrification resistance
a: no special abilities


You were on level 5 of the Dungeon.
You visited 1 branch of the dungeon, and saw 5 of its levels.

You collected 196 gold pieces.

Inventory:

Hand Weapons
 a - a +0 vampiric war axe (weapon)
 b - a +0 war axe
 l - a +1 flail of draining
Armour
 c - a +0 buckler (worn)
 j - a +0 chain mail (worn)
Jewellery
 h - an amulet of regeneration (around neck)
 i - a +6 ring of strength (left hand)
 n - a ring of willpower (right hand)
Scrolls
 k - a scroll of teleportation
Potions
 d - a potion of might
 e - a potion of cancellation
 f - 3 potions of haste
 g - a potion of ambrosia {unknown}
 m - 2 potions of brilliance {unknown}


   Skills:
 + Level 5.3 Fighting
 + Level 6.1 Axes
 + Level 5.7 Armour
 + Level 4.4 Shields


You had 7 spell levels left.
You didn't know any spells.
Your spell library contained the following spells:

 Spells                   Type           Power      Damage    Failure   Level
 Blink                    Tloc           0%         N/A       99%         2
 Summon Guardian Golem    Hex/Summ       0%         N/A       100%        3
 Manifold Assault         Tloc           0%         N/A       100%        5
 Orb of Destruction       Conj           0%         9d5       100%        7
 Spellforged Servitor     Conj/Summ      0%         N/A       100%        7
 Storm Form               Tmut/Air       0%         N/A       100%        7


Dungeon Overview and Level Annotations

Branches:
Dungeon (5/15)
 Temple: D:4-7

Altars:
Vehumet

Shops:
D:2 *


Innate Abilities, Weirdness & Mutations

You are immune to sickness and miasma.
Your stone body is resilient. (AC +5)
You are immune to poison.
You resist negative energy. (rN+)
You are resistant to electric shocks. (rElec)
You are resistant to unholy torment.
You are immune to petrification.


Message History

The gnoll hits you but does no damage.
The gnoll sergeant hits you from afar with a +2 vorpal spear.
You closely miss the gnoll.
The gnoll is moderately wounded.
You hit the gnoll.
You feel better.
The gnoll hits you but does no damage. x2
The gnoll sergeant hits you from afar with a +2 vorpal spear!
You are too injured to fight recklessly!
You are too injured to fight recklessly!
You are too injured to fight recklessly!
You are too injured to fight recklessly!
You are too injured to fight recklessly!
You are too injured to fight recklessly!
You are too injured to fight recklessly!
Unknown command.
You barely miss the gnoll.
The gnoll is heavily wounded.
You barely miss the gnoll. The gnoll hits you with a +0 flail.
You block the gnoll's attack. You block the gnoll sergeant's attack.
The gnoll hits you with a +0 flail.
* * * LOW HITPOINT WARNING * * *
Unknown command.
You closely miss the gnoll.
The gnoll is heavily wounded.
You hit the gnoll.
You feel better. You block the gnoll's attack.
The gnoll sergeant barely misses you. The gnoll barely misses you.
The gnoll sergeant barely misses you. The gnoll hits you with a +0 flail!
* * * LOW HITPOINT WARNING * * *
Unknown command.
You hit the gnoll.
You feel better.
The gnoll is almost dead.
You hit the gnoll but do no damage. The gnoll hits you but does no damage.
The gnoll sergeant hits you but does no damage.
The gnoll hits you with a +0 flail.
* * * LOW HITPOINT WARNING * * *
You hit the gnoll but do no damage.
The gnoll is almost dead.
You slash the gnoll!
You feel better. The gnoll hits you with a +0 flail.
* * * LOW HITPOINT WARNING * * *
The gnoll hits you with a +0 flail!
You die...

. ....##....
..#.#...... #.#.#.....
## #.#.#...# #.
...##.#.#...####...
...................
#..................
#.......##...####.#
+.....g@##...#<.#.##..
#..[...g##............
#...?..g##†#.#....##..
........##.#......#
........##.#......#
)#......##.#..#.#.#
#......##..........
#......######..#.###
..#.#


You could see a gnoll sergeant and 2 gnolls.

Vanquished Creatures
  Grinder (D:3)
  Sigmund (D:3)
  An orc warrior (D:4)
  A sky beast (D:5)
  A necrophage (D:4)
  A centaur (D:4)
  A scorpion (D:2)
  Natasha (D:3)
  2 orc wizards
  A gnoll (D:5)
  5 adders
  An adder skeleton (D:4)
  A worm (D:3)
  A dart slug (D:4)
  3 orcs
  5 ball pythons
  5 endoplasms
  5 giant cockroaches
  2 goblins
  6 hobgoblins
  3 jackals (D:3)
  4 quokkas
  5 bats
  4 frilled lizards
  3 kobolds
  6 rats
70 creatures vanquished.

Vanquished Creatures (collateral kills)
  A worm (D:2)
1 creature vanquished.

Grand Total: 71 creatures vanquished

Notes
Turn   | Place    | Note
-------+----------+-------------------------------------------
     0 | D:1      | bande the Gargoyle Fighter began the quest for the Orb.
     0 | D:1      | Reached XP level 1. HP: 14/14 MP: 1/1
   163 | D:1      | Reached XP level 2. HP: 19/19 MP: 2/2
   253 | D:1      | Reached skill level 2 in Axes
   894 | D:2      | Reached XP level 3. HP: 13/23 MP: 3/3
  1128 | D:2      | Found a faded altar of an unknown god.
  1146 | D:2      | Noticed a scorpion
  1187 | D:2      | Found Keatying's General Store.
  1200 | D:2      | Killed a scorpion
  1201 | D:2      | Reached skill level 3 in Axes
  1201 | D:2      | Reached XP level 4. HP: 25/29 MP: 4/4
  1212 | D:2      | Found a radiant altar of Vehumet.
  1640 | D:3      | Noticed Sigmund
  1653 | D:3      | Killed Sigmund
  1654 | D:3      | Reached skill level 4 in Axes
  1654 | D:3      | Reached XP level 5. HP: 23/34 MP: 5/5
  1654 | D:3      | Reached XP level 6. HP: 27/39 MP: 6/6
  1787 | D:3      | Noticed Grinder
  1799 | D:3      | Paralysed by Grinder for 2 turns
  1802 | D:3      | Killed Grinder
  1803 | D:3      | Reached skill level 5 in Axes
  1803 | D:3      | Reached XP level 7. HP: 24/44 MP: 7/7
  2378 | D:3      | Noticed Natasha
  2389 | D:3      | Killed Natasha
  2622 | D:3      | Reached skill level 5 in Armour
  3065 | D:4      | Reached skill level 5 in Fighting
  3749 | D:4      | Reached XP level 8. HP: 45/49 MP: 8/8
  3856 | D:5      | Entered Level 5 of the Dungeon
  3879 | D:5      | Reached skill level 6 in Axes
  3896 | D:5      | Slain by a gnoll

Illustrated notes

Levels and vault maps discovered:
D:1:      dpeg_arrival_water_temple_mockup, layout_basic
D:2:      layout_basic, basic_altar, serial_shops, shop,
          ebering_ecumenical_altar_ruins
D:3:      layout_loops_ring, uniq_grinder, uniq_natasha, uniq_sigmund
D:4:      layout_gridville
D:5:      layout_basic, gup_sewer_entry_bowl

Skill      XL: |  1  2  3  4  5  6  7  8 |
---------------+-------------------------+-----
Axes           | 2 3 4 5 6 |  6.1
Armour         | 4 5 |  5.7
Fighting       | 4 5 |  5.3
Shields        | 4 |  4.4

Action                   |  1- 3 |  4- 6 |  7- 9 || total
-------------------------+-------+-------+-------++-------
Melee: War axe           |    72 |    59 |   136 ||   267
  Use: Scroll            |     2 |     2 |     4 ||     8
Armor: Scale mail        |    44 |    25 |    21 ||    90
       Chain mail        |       |       |    87 ||    87
Dodge: Dodged            |    25 |    19 |    63 ||   107
Block: Buckler           |    12 |    10 |    37 ||    59
